Workbook

Sheet Question
A1: ABC Company sells products both over the internet and to trade customers
C3: JAN | D3: FEB | E3: MAR | F3: APR
C4: €000 | D4: €000 | E4: €000 | F4: €000
A6: Income
A7: Revenue | C7: 90 | D7: 110 | E7: 150 | F7: 330
A9: Expenditure
A10: Purchases | C10: 150 | D10: 190 | E10: 320 | F10: 200
A11: A&P | C11: 45 | D11: 38 | E11: 52 | F11: 63
A12: Rent | C12: 80 | F12: 80
A13: Rates | E13: 78
A14: Salaries | C14: 65 | D14: 68 | E14: 78 | F14: 75
A15: Sundry expenses | C15: 25 | D15: 27 | E15: 32 | F15: 45
A17: The company has an overdraft of €20,000 at the start of the year
A18: The company intends to buy some new equipment in March at a cost of €45K
A19: The company will pay €75K tax at the start of April
A20: Purchases are on 30 days credit
A21: At the beginning of January the creditors were €80K
A22: Sales over the internet are paid for in cash, and account for 10% of all sales revenue. All trade sales are on two month's credit
A23: Debtors at the beginning of January are €120K, of which 40% are in respect of December's sales
A24: All other expenses are paid in the month in which they occur and sundry expenses carry a charge of €2K per month for depreciation
A26: Prepare a cash flow forecast for the four month period and comment on potential issues that may arise and what recommendations
A27: you would make for dealing with the issues.

Sheet Blank CF forecast sheet
D1: ABC Company
D3: Cash flow forecast for the four months to 30 April 2015
B5: JAN | C5: FEB | D5: MAR | E5: APR
B6: €000’s | C6: €000’s | D6: €000’s | E6: €000’s
A7: RECEIPTS
A9: Cash sales
A10: Credit sales
A11: Total sales
A13: PAYMENTS
A15: Purchases
A16: A&P
A17: Rent
A18: Rates
A19: Salaries
A20: Sundry expenses
A21: New equipment
... A27: Balance C/F

Sheet CF forecsat answer
D1: ABC Company
D3: Cash flow forecast for the four months to 30 April 2015
B5: JAN | C5: FEB | D5: MAR | E5: APR
B6: €000’s | C6: €000’s | D6: €000’s | E6: €000’s
A7: RECEIPTS
A9: Cash sales | B9: =Question!C7*0.1 -> 9 | C9: =Question!D7*0.1 -> 11 | D9: =Question!E7*0.1 -> 15 | E9: =Question!F7*0.1 -> 33
A10: Credit sales | B10: =(120-C10) -> 72 | C10: =120*0.4 -> 48 | D10: =Question!C7*0.9 -> 81 | E10: =Question!D7*0.9 -> 99
B11: =SUM(B9:B10) -> 81 | C11: =SUM(C9:C10) -> 59 | D11: =SUM(D9:D10) -> 96 | E11: =SUM(E9:E10) -> 132
A13: PAYMENTS
A15: Purchases | B15: 80 | C15: =Question!C10 -> 150 | D15: =Question!D10 -> 190 | E15: =Question!E10 -> 320
A16: A&P | B16: =Question!C11 -> 45 | C16: =Question!D11 -> 38 | D16: =Question!E11 -> 52 | E16: =Question!F11 -> 63
A17: Rent | B17: =Question!C12 -> 80 | E17: =Question!F12 -> 80
A18: Rates | D18: =Question!E13 -> 78
A19: Salaries | B19: =Question!C14 -> 65 | C19: =Question!D14 -> 68 | D19: =Question!E14 -> 78 | E19: =Question!F14 -> 75
A20: Sundry Expenses | B20: =Question!C15-2 -> 23 | C20: =Question!D15-2 -> 25 | D20: =Question!E15-2 -> 30 | E20: =Question!F15-2 -> 43
A21: New equipment | B21: - | C21: - | D21: 45 | E21: -
A22: Taxation | B22: - | C22: - | D22: - | E22: 75
B23: =SUM(B15:B22) -> 293 | C23: =SUM(C15:C22) -> 281 | D23: =SUM(D15:D22) -> 473 | E23: =SUM(E15:E22) -> 656
A25: Net Cash Flow | B25: =B11-B23 -> -212 | C25: =C11-C23 -> -222 | D25: =D11-D23 -> -377 | E25: =E11-E23 -> -524
A26: Balance B/F | B26: -20 | C26: =B27 -> -232 | D26: =C27 -> -454 | E26: =D27 -> -831
A27: Balance C/F | B27: =SUM(B25:B26) -> -232 | C27: =SUM(C25:C26) -> -454 | D27: =SUM(D25:D26) -> -831 | E27: =SUM(E25:E26) -> -1355

Sheet Problems & suggestions
A1: What can be done in this example for ABC Company?
A3: The cash flow forecast reveals that the overdraft is going to get progressively worse over the first four months of the period.
A5: At the end of April the overdraft required will reach a maximum for the period of €1,355,000.
A7: Given the concern of the bank over the existing overdraft level of €20,000, this position will almost certainly be unacceptable.
A9: The business does not appear to have a great deal of room to manoeuvre. We are told that purchases in the first four months are necessary to meet demand; however, it may be possible to delay purchase of some of these stocks until a little later in order to ease cash flows. Similarly the purchase of the new equipment may be delayed until a later date, or a review of employee salaries may be an option (reduce headcount, wage freeze or delay employing additional staff perhaps). It may prove more difficult to delay payments relating to the other expenses.
A11: It may be possible to get credit customers to pay more promptly i.e. inside two months. However, this will depend on various factors such as the normal terms of trade operating within the industry and the market strength of the company.
A13: Although delaying payments and chasing credit customers may bring some success in reducing the forecast overdraft, such steps are unlikely to be sufficient.
A15: The size of the deficit suggests the business is undercapitalised and should therefore consider some form of long-term finance to alleviate its problems.
A17: The business should also examine its level of profitability. If we assume no significant changes in stock levels over the period, the income for the period is significantly lower than expenses. This results in a net cash outflow from operations.
